 Dungeon Crawl Stone Soup version 0.31-a0-435-g2c6fae2916 (webtiles) character file.

Game seed: 10489262668216018930

2 randomguy2701 the Caller (level 1, -1/16 HPs)
             Began as an Ogre Summoner on Aug 2, 2023.
             Slain by a quokka (3 damage)
             ... on level 1 of the Dungeon.
             The game lasted 00:00:32 (83 turns).

randomguy2701 the Caller (Ogre Summoner)              Turns: 83, Time: 00:00:33

Health: -1/16      AC:  3    Str: 11    XL:     1   Next: 40%
Magic:  1/3        EV:  9    Int: 16    God:
Gold:   0          SH:  0    Dex:  9    Spells: 3/4 levels left

rFire   . . .        (no weapon)
rCold   . . .        (no shield)
rNeg    . . .        a - +0 robe
rPois   .            (helmet restricted)
rElec   .            (no cloak)
rCorr   .            (gloves unavailable)
SInv    .            (boots unavailable)
Will    .....        (no amulet)
Stlth   +            (no ring)
HPRegen 0.22/turn    (no ring)
MPRegen 0.08/turn

%: no passive effects
@: no status effects
A: large, unfitting armour, tough skin 1
a: no special abilities


You were on level 1 of the Dungeon.
You visited 1 branch of the dungeon, and saw 1 of its levels.

Inventory:

Armour
 a - a +0 robe (worn)
Scrolls
 c - a scroll of enchant armour {unknown}
Potions
 b - a potion of magic


   Skills:
 + Level 1.7 Dodging
 + Level 1.4 Stealth
 + Level 2.4 Spellcasting
 + Level 3.7 Summonings


You had 3 spell levels left.
You knew the following spells:

 Your Spells              Type           Power      Damage    Failure   Level
a - Summon Small Mammal   Summ           56%        N/A       4%          1

Your spell library contained the following spells:

 Spells                   Type           Power      Damage    Failure   Level
 Call Imp                 Summ           28%        N/A       6%          2
 Call Canine Familiar     Summ           14%        N/A       13%         3
 Summon Guardian Golem    Hex/Summ       7%         N/A       28%         3
 Summon Lightning Spire   Summ/Air       7%         N/A       67%         4


Dungeon Overview and Level Annotations

Branches:
Dungeon (1/15)

Altars:


Innate Abilities, Weirdness & Mutations

You are too large for most types of armour.
You have tough skin. (AC +1)


Message History

Your bat dies!
Your bat's corpse disappears in a puff of smoke!
You hit the bat.
You kill the bat!
The quokka barely misses your quokka.
You swap places.
The quokka barely misses you. The quokka closely misses you.
You see here a bat corpse.
You hit the quokka but do no damage.
The quokka is moderately wounded.
The quokka bites you. x2
Your quokka misses the quokka.
The quokka bites you but does no damage.
Your quokka closely misses the quokka.
The quokka attacks as you move away! The quokka closely misses you.
Your quokka closely misses the quokka.
You are too injured to fight recklessly!
You miss the quokka.
The quokka is moderately wounded.
The quokka bites you but does no damage.
Your quokka barely misses the quokka.
Casting: Summon Small Mammal (safe; 4% risk of failure)
Confirm with . or Enter, or press ? or * to list all spells.
The quokka bites you.
* * * LOW HITPOINT WARNING * * *
The quokka bites you.
* * * LOW HITPOINT WARNING * * *
Your quokka bites the quokka but does no damage.
The rat bites your quokka.
Unknown command.
The quokka attacks as you move away! The quokka barely misses you.
Your bat hits the quokka but does no damage.
The quokka barely misses you. The rat closely misses your quokka.
The quokka misses you.
Your quokka bites the quokka.
The quokka closely misses your quokka. The rat misses your quokka.
Your bat barely misses the quokka.
Your bat closely misses the quokka.
Your quokka closely misses the quokka.
The quokka completely misses your quokka.
The rat bites your quokka but does no damage.
The quokka attacks as you move away! The quokka bites you.
You die...

#######.# ..♣...#
##..◎....##.......
#.........†.......
.........r####...#
........r.# . .......r..#
.........># ......b.r.#
#.# #.......@## .#.#
#........## ###....
..........# #....########
..........# #....#.......
..........###....#.....##
..........##.....#.....#.
.................#..##.#.
........#.......#..#>.#.
................##.#.##.


You could see 2 quokkas, a rat, a friendly quokka (summoned) and a friendly bat
(summoned).

Vanquished Creatures
  A bat (D:1)
  A giant cockroach (D:1)
2 creatures vanquished.

Notes
Turn   | Place    | Note
-------+----------+-------------------------------------------
     0 | D:1      | randomguy2701 the Ogre Summoner began the quest for the
                  | Orb.
     0 | D:1      | Reached XP level 1. HP: 16/16 MP: 3/3
    83 | D:1      | Slain by a quokka

Illustrated notes

Levels and vault maps discovered:
D:1:      ebering_trefoil_twist, layout_rooms, grunt_decor_mini_mirrors,
          chequers_mini_garden

Action                     || total
---------------------------++-------
  Melee: Unarmed           ||    17
   Cast: Summon Small Mamm ||     4
 Armour: Robe              ||     9
  Dodge: Dodged            ||    15

Table legend: (Time is in decaauts)
 A = Elapsed time spent in this place.
 B = Non-inter-level travel time spent in this place.
 C = Inter-level travel time spent in this place.
 D = Time resting spent in this place.
 E = Time spent auto-exploring this place.
 F = Levels seen in this place.
 G = Mean time per level.
                   A        B        C        D        E       F      G
               +--------+--------+--------+--------+--------+-----+--------+
         Total |     83 |     83 |      0 |      0 |     41 |   1 |   83.0 |
       Dungeon |     83 |     83 |      0 |      0 |     41 |   1 |   83.0 |
               +--------+--------+--------+--------+--------+-----+--------+

Top non-repeatable levels by time:
     D:1: 83 daAuts
